 Dungeon Crawl Stone Soup version 0.32-a0-876-gcfddb08e57 (webtiles) character file.

Game seed: 9183331837944956809

53 Hubris850 the Chopper (level 3, -11/27 HPs)
             Began as a Coglin Gladiator on Apr 1, 2024.
             Killed from afar by Ijyb (21 damage)
             ... with a bolt of dispelling energy
             ... on level 3 of the Dungeon.
             The game lasted 00:03:08 (1578 turns).

Hubris850 the Chopper (Coglin Gladiator)            Turns: 1578, Time: 00:03:09

Health: -11/27     AC:  6    Str: 16    XL:     3   Next: 89%
Magic:  3/3        EV:  5    Int:  7    God:
Gold:   161        SH:  0    Dex: 15    Spells: 2/2 levels left

rFire   . . .        a - +0 war axe {Ajinder}
rCold   . . .        f - +0 dagger {Hisao}
rNeg    . . .        m - +0 ring mail
rPois   .            c - +0 helmet
rElec   .            (no cloak)
rCorr   .            (no gloves)
SInv    .            (no boots)
Will    .....        (amulet unavailable)
Stlth   +            (ring unavailable)
HPRegen 0.24/turn    (ring unavailable)
MPRegen 0.08/turn    (no gizmo)

%: no passive effects
@: held, revving
A: off-hand wielding, slow wielding, warmup strikes, no jewellery
a: Invent Gizmo


You were on level 3 of the Dungeon.
You visited 1 branch of the dungeon, and saw 3 of its levels.

You collected 161 gold pieces.

Inventory:

Hand Weapons
 a - a +0 war axe (weapon) {Ajinder}
 f - a +0 dagger (offhand) {Hisao}
Missiles
 d - 3 throwing nets (quivered)
 e - a javelin
Armour
 b - a +0 leather armour
 c - a +0 helmet (worn)
 m - a +0 ring mail (worn)
Scrolls
 g - a scroll of enchant armour {unknown}
 h - a scroll of teleportation {unknown}
 i - a scroll of amnesia {unknown}
 j - a scroll of vulnerability {unknown}
 k - a scroll of noise {unknown}
 l - 3 scrolls of identify {unknown}
 p - a scroll of poison {unknown}
Potions
 n - 3 potions of cancellation {unknown}
 o - 2 potions of degeneration {unknown}
 q - a potion of curing {unknown}
 r - a potion of brilliance {unknown}


   Skills:
 - Level 2.0 Fighting
 + Level 2.0 Short Blades
 + Level 3.9 Axes
 - Level 1.7 Throwing
 - Level 2.6 Dodging


You had 2 spell levels left.
You didn't know any spells.
Your spell library contained the following spells:

 Spells                   Type           Power      Damage    Failure   Level
 Slow                     Hex            0%         N/A       65%         1
 Confusing Touch          Hex            0%         N/A       95%         3
 Vampiric Draining        Necr           0%         2d6       95%         3


Dungeon Overview and Level Annotations

Branches:
Dungeon (3/15)

Altars:
Wu Jian

Shops:
D:2 [

Annotations:
D:3 Ijyb


Innate Abilities, Weirdness & Mutations

You can wield a second weapon in your off-hand.
It takes a long time for you to wield or remove held weapons.
Your first few attacks do less damage.
You cannot equip rings or amulets.


Message History

Ijyb shouts!
The web tears apart.
The ribbon worm closely misses you. The rat bites you but does no damage.
Ijyb hits you with a +0 club.
You slash Ijyb with your +0 war axe!
Ijyb is moderately wounded.
You hit the ribbon worm with your +0 war axe.
You hit the rat but do no damage. You hit Ijyb with your +0 dagger.
The ribbon worm closely misses you. The rat bites you but does no damage.
Ijyb barely misses you.
You hit the ribbon worm with your +0 war axe.
The ribbon worm is moderately wounded.
You hit the rat with your +0 war axe.
You kill the rat!
You hit Ijyb but do no damage.
You hit the ribbon worm with your +0 dagger.
The ribbon worm misses you.
Ijyb zaps a wand.
The bolt of dispelling energy hits you!
Ouch! That really hurt!
You barely miss the ribbon worm with your +0 dagger.
The ribbon worm is moderately wounded.
You hit the ribbon worm with your +0 war axe.
You barely miss Ijyb with your +0 war axe.
Ijyb hits you with a +0 club.
The ribbon worm bites you but does no damage.
You hit the ribbon worm with your +0 dagger.
The ribbon worm is moderately wounded.
You hit the ribbon worm but do no damage.
You closely miss Ijyb with your +0 war axe.
Ijyb hits you but does no damage.
The ribbon worm expels a string of sticky webbing.
The stream of webbing hits you but does no damage.
You are caught in a web!
You struggle to detach yourself from the web.
Ijyb screams, "It's all mine!"
Ijyb zaps a wand.
The bolt of dispelling energy hits you!!
Ouch! That really hurt!
You die...
Ijyb screams, "Time for next experiment!"

...............#
#†..###.......# ....
..........>.# #...##
............######......
...................#....
.=..........#####.......
...##.......#####.......
)).###........##g...#...
.)## #..........@w......
.## ##.............##..
.# #...#..........# ##
#..#####.......# # #..
#.......... # #.#
#.......... # #.
#.########## # #.# ..#


You could see Ijyb and a ribbon worm (catching breath).

Vanquished Creatures
  4 dart slugs
  A ribbon worm (D:2)
  3 orcs (D:3)
  4 ball pythons
  2 endoplasms (D:1)
  2 giant cockroaches
  3 goblins
  3 hobgoblins (D:1)
  2 kobolds (D:1)
  A quokka (D:2)
  7 bats
  3 frilled lizards
  4 rats
39 creatures vanquished.

Notes
Turn   | Place    | Note
-------+----------+-------------------------------------------
     0 | D:1      | Hubris850 the Coglin Gladiator began the quest for the Orb.
     0 | D:1      | Reached XP level 1. HP: 16/16 MP: 1/1
   117 | D:1      | Reached XP level 2. HP: 22/22 MP: 2/2
   122 | D:1      | Reached skill level 1 in Short Blades
   493 | D:1      | Reached XP level 3. HP: 27/27 MP: 3/3
   521 | D:1      | You fall into a shaft and drop 1 floor!
   521 | D:2      | Found Huraom's Antique Armour Emporium.
  1125 | D:2      | Found an ornate altar of the Wu Jian Council.
  1569 | D:3      | Noticed Ijyb
  1578 | D:3      | Killed from afar by Ijyb

Illustrated notes

Levels and vault maps discovered:
D:1:      minmay_arrival_plants_in_alcoves, layout_basic
D:2:      layout_basic, basic_altar, serial_shops, shop
D:3:      corexii_shack_village, layout_rooms, lemuel_coloured_pillars_altar,
          nicolae_ecumenical_pavilion, roderic_lattice_a, uniq_ijyb

Skill      XL: |  1  2  3 |
---------------+----------+-----
Short Blades   | 1 2 |  2.0
Fighting       | |  2.0
Axes           | |  3.9
Throwing       | |  1.7
Dodging        | |  2.6

Action                     || total
---------------------------++-------
  Melee: War axe           ||    68
         Dagger            ||    57
   Stab: Sleeping          ||     1
         Distracted        ||     1
 Armour: Leather armour    ||    20
         Ring mail         ||    41
  Dodge: Dodged            ||    40

Table legend: (Time is in decaauts)
 A = Elapsed time spent in this place.
 B = Non-inter-level travel time spent in this place.
 C = Inter-level travel time spent in this place.
 D = Time resting spent in this place.
 E = Time spent auto-exploring this place.
 F = Levels seen in this place.
 G = Mean time per level.
                   A        B        C        D        E       F      G
               +--------+--------+--------+--------+--------+-----+--------+
         Total |   1587 |   1498 |     89 |      0 |   1266 |   3 |  529.0 |
       Dungeon |   1587 |   1498 |     89 |      0 |   1266 |   3 |  529.0 |
               +--------+--------+--------+--------+--------+-----+--------+

Top non-repeatable levels by time:
     D:1: 809 daAuts
     D:2: 695 daAuts
     D:3: 82 daAuts
